 Dungeon Crawl Stone Soup version 0.28.0 (webtiles) character file.

Game seed: 15940464948648480806

109 trckry the Chopper (level 4, -4/33 HPs)
             Began as a Demonspawn Wanderer on Feb 12, 2022.
             Slain by Crazy Yiuf (8 damage)
             ... on level 2 of the Dungeon.
             The game lasted 00:04:08 (2536 turns).

trckry the Chopper (Demonspawn Wanderer)            Turns: 2536, Time: 00:04:08

Health: -4/33      AC: 10    Str: 15    XL:     4   Next: 59%
Magic:  4/4        EV:  9    Int: 10    God:
Gold:   67         SH:  0    Dex: 15    Spells: 3/3 levels left

rFire   . . .      SeeInvis .   a - +2 hand axe
rCold   . . .      Faith    .   (no shield)
rNeg    . . .      Spirit   .   c - +0 scale mail
rPois   .          Reflect  .   (no helmet)
rElec   .          Harm     .   (no cloak)
rCorr   .          Rampage  .   j - +0 pair of gloves
Will    .....                   f - +0 pair of boots
Stlth   ..........              (no amulet)
HPRegen 0.11/turn               (no ring)
MPRegen 0.09/turn               (no ring)

@: lethally poisoned (-4 -> -5)
A: hooves 1, icy blue scales 1
a: no special abilities


You were on level 2 of the Dungeon.
You visited 1 branch of the dungeon, and saw 2 of its levels.

You collected 67 gold pieces.

Inventory:

Hand Weapons
 a - a +2 hand axe (weapon)
Missiles
 d - 47 stones (quivered)
 g - 22 sling bullets
 l - 3 poisoned darts
Armour
 c - a +0 scale mail (worn)
 f - a +0 pair of boots (worn)
 j - a +0 pair of gloves (worn)
Scrolls
 e - a scroll of identify {unknown}
 i - a scroll of acquirement {unknown}
 k - a scroll of noise {unknown}
Potions
 b - a potion of lignification
 h - a potion of brilliance {unknown}


   Skills:
 + Level 2.1 Fighting
 * Level 3.3 Axes
 + Level 2.5 Armour
 + Level 1.3 Dodging
 - Level 1.0 Stealth
 - Level 1.7 Unarmed Combat
 + Level 2.0 Evocations


You had 3 spell levels left.
You didn't know any spells.
Your spell library was empty.

Dungeon Overview and Level Annotations

Branches:
Dungeon (2/15)

Altars:

Annotations:
D:2 Crazy Yiuf


Innate Abilities, Weirdness & Mutations

You have large cloven feet.
You are partially covered in icy blue scales. (AC +2)


Message History

The gnoll closely misses you.
You hit the gnoll but do no damage.
The gnoll is almost dead.
The gnoll barely misses you.
You slash the gnoll!
You kill the gnoll!
Your Evocations skill increases to level 2!
No target in view!
Found 3 poisoned darts.
Things that are here:
a +0 club; a gnoll corpse
k - a scroll labelled MIYKLU MEUZEE You see here 3 poisoned darts.
l - 3 poisoned darts You open the door.
There is an open door here.
Found a stone staircase leading down.
Crazy Yiuf shouts!
Could not explore, unopened runed door.
You open the door.
Crazy Yiuf screams, "Announcement!"
You hit Crazy Yiuf.
Crazy Yiuf is lightly wounded.
Crazy Yiuf hits you with a +2 quarterstaff of chaos!
You are poisoned.
You barely miss Crazy Yiuf. You punch Crazy Yiuf.
Crazy Yiuf is lightly wounded.
You feel very sick.
Crazy Yiuf hits you with a +2 quarterstaff of chaos.
Crazy Yiuf draws strength from your wounds!
You feel very sick.
You feel sick.
You feel sick.
You feel sick.
You feel sick.
You feel sick.
You feel sick.
You feel sick.
Crazy Yiuf hits you with a +2 quarterstaff of chaos!
You die...

.............# ♣♣.♣ #........>
#......###.### ♣.♣♣ ##..###...
#......# #.# ♣♣.♣ #..# #...
#......###.## ♣.♣♣ #..# #...
#....[......# ♣♣.♣♣ ##..###...
#####.......# ♣..P♣♣ #.....#...
.####.......## ♣.P..♣ #.....#...
.#...#.......# #g...# #.....#...
...#.#<......###@...####.....#...
.###.#.......#..#...##.......#...
.....#...###.#..#..###.......#...
.....#...# #...............).....
...#.#...###.#..##########..####.
####.........#....# #..# #.
##.........#.#..#.###### #..# #.
##.........#.#..#......###..####.
##.........'...........+.........


You could see Crazy Yiuf.

Vanquished Creatures
  4 gnolls (D:2)
  An adder (D:2)
  A worm (D:2)
  4 ball pythons
  5 endoplasms
  3 giant cockroaches (D:1)
  5 goblins (D:1)
  4 hobgoblins
  4 jackals (D:1)
  5 kobolds
  3 quokkas
  A bat (D:2)
  8 frilled lizards
  9 rats
57 creatures vanquished.

Vanquished Creatures (others)
  A fungus (D:2)
1 creature vanquished.

Grand Total: 58 creatures vanquished

Notes
Turn   | Place    | Note
-------+----------+-------------------------------------------
     0 | D:1      | trckry the Demonspawn Wanderer began the quest for the Orb.
     0 | D:1      | trckry set off with the following items: a +2 hand axe, a
                  | potion of lignification, a +0 scale mail
     0 | D:1      | Reached XP level 1. HP: 15/15 MP: 1/1
   252 | D:1      | Gained mutation: You have large cloven feet. [demonic
                  | ancestry]
   252 | D:1      | Reached XP level 2. HP: 10/21 MP: 2/2
   793 | D:1      | Gained mutation: You are partially covered in icy blue
                  | scales. (AC +2) [demonic ancestry]
   793 | D:1      | Reached XP level 3. HP: 19/27 MP: 3/3
  1121 | D:1      | Reached skill level 1 in Dodging
  1135 | D:1      | Reached skill level 3 in Axes
  1365 | D:2      | Reached XP level 4. HP: 13/33 MP: 4/4
  1578 | D:2      | Found a runed translucent door.
  1579 | D:2      | Noticed Crazy Yiuf
  2535 | D:2      | HP: 4/33 [poisoned by Crazy Yiuf]
  2536 | D:2      | Slain by Crazy Yiuf

Illustrated notes

Levels and vault maps discovered:
D:1:      lemuel_arrival_room, layout_basic
D:2:      layout_basic, chequers_serial_rivers_small_b, roderic_lattice_a,
          uniq_crazy_yiuf_cottage

Skill      XL: |  1  2  3  4 |
---------------+-------------+-----
Armour         | 2 |  2.5
Dodging        | 1 |  1.3
Axes           | 3 |  3.3
Fighting       | 2 |  2.1
Evocations     | 2 |  2.0
Stealth        | |  1.0
Unarmed Combat | |  1.7

Action                   |  1- 3 |  4- 6 || total
-------------------------+-------+-------++-------
Melee: Hand axe          |    87 |    58 ||   145
       Punch             |     3 |     3 ||     6
       Kick              |     9 |       ||     9
Armor: Scale mail        |    27 |    29 ||    56
Dodge: Dodged            |    34 |    25 ||    59
